 Dungeon Crawl Stone Soup version 0.31-a0-233-g139696dc86 (webtiles) character file.

Game seed: 11926614071902227908

66 qw the Shooter (level 3, -3/29 HPs)
             Began as a Minotaur Hexslinger on July 7, 2023.
             Slain by an orc
             ... wielding a +0 trident
              (7 damage)
             ... on level 3 of the Dungeon.
             The game lasted 00:00:39 (1754 turns).

qw the Shooter (Minotaur Hexslinger)                Turns: 1754, Time: 00:00:40

Health: -3/29      AC:  4    Str: 18    XL:     3   Next: 96%
Magic:  3/3        EV: 12    Int: 10    God:
Gold:   131        SH:  0    Dex: 14    Spells: 3/4 levels left

rFire   . . .        Y - +2 sling
rCold   . . .        (no shield)
rNeg    . . .        f - +0 leather armour
rPois   .            (helmet restricted)
rElec   .            (no cloak)
rCorr   .            b - +0 pair of gloves {infuse}
SInv    .            (no boots)
Will    .....        (no amulet)
Stlth   +            g - +6 ring of strength
HPRegen 0.24/turn    (no ring)
MPRegen 0.08/turn

%: infuse magic (1 MP)
@: no status effects
A: horns 2, retaliatory headbutt
a: no special abilities


You were on level 3 of the Dungeon.
You visited 1 branch of the dungeon, and saw 3 of its levels.

You collected 131 gold pieces.


Innate Abilities, Weirdness & Mutations

You have a pair of horns on your head.
You reflexively headbutt those who attack you in melee.


   Skills:
 - Level 2.0 Fighting
 + Level 4.4 Ranged Weapons
 - Level 2.1 Dodging
 - Level 1.0 Spellcasting
 - Level 2.0 Hexes


You had 3 spell levels left.
You knew the following spells:

 Your Spells              Type           Power      Damage    Failure   Level
a - Slow                  Hex            16%        N/A       19%         1

Your spell library contained the following spells:

 Spells                   Type           Power      Damage    Failure   Level
 Inner Flame              Hex/Fire       2%         N/A       63%         3
 Portal Projectile        Hex/Tloc       4%         N/A       63%         3
 Cause Fear               Hex            2%         N/A       87%         4

Inventory:

Hand Weapons
 Y - a +2 sling (weapon)
Armour
 b - a +0 pair of gloves of infusion (worn)
 f - a +0 leather armour (worn)
 h - a +0 ring mail
Jewellery
 g - a +6 ring of strength (left hand)
Scrolls
 c - a scroll of identify {unknown}
Potions
 a - a potion of attraction {unknown}
 d - a potion of haste {unknown}
 e - a potion of invisibility {unknown}

Dungeon Overview and Level Annotations

Branches:
Dungeon (3/15)

Altars:

Annotations:
D:3 exclusion: orc


Message History

The orc closely misses you.
The orc hits you from afar with a +0 trident.
Enter note:
Enter note:
Enter note:
Enter note:
Enter note:
Enter note:
1743 ||| UPGRADING to +0 ring mail.
The orc barely misses you.
You start removing your armour.
You continue taking off your +0 leather armour.
The orc closely misses you.
You continue taking off your +0 leather armour.
The orc misses you.
You continue taking off your +0 leather armour.
The orc barely misses you.
You continue taking off your +0 leather armour.
The orc hits you from afar with a +0 trident.
You finish taking off your +0 leather armour.
1748 ||| UPGRADING to +0 leather armour.
The orc hits you from afar with a +0 trident.
Keep equipping yourself?
You start putting on your armour.
You continue putting on your +0 leather armour.
The orc hits you from afar with a +0 trident.
You continue putting on your +0 leather armour.
The orc barely misses you.
You continue putting on your +0 leather armour.
The orc closely misses you.
You continue putting on your +0 leather armour.
The orc barely misses you.
You finish putting on your +0 leather armour.
1753 ||| UPGRADING to +0 ring mail.
The orc hits you from afar with a +0 trident.
You stop removing your armour.
1754 ||| UPGRADING to +0 ring mail.
The orc hits you from afar with a +0 trident!
You stop removing your armour.
You die...

#.# #.## #<..
###. #. #.
###############
#.
#....o?........
## #@..[.... #
#.#####..####.? #
#.............. #
######
#.#####.####....<
....##
#.#####.#.# .#
##.....
#........# ..#
#....##
####.##.####..#
#.....# #
#......# #..?#.#
##.)##### #...#.#


You could see an orc.

Vanquished Creatures
  2 adders
  A worm (D:2)
  A dart slug (D:2)
  2 bats
  6 endoplasms
  2 giant cockroaches (D:1)
  6 goblins
  4 hobgoblins
  2 quokkas
  6 ball pythons
  2 frilled lizards
  2 kobolds
  4 rats
40 creatures vanquished.

Notes
Turn   | Place    | Note
-------+----------+-------------------------------------------
     0 | D:1      | qw the Minotaur Hexslinger began the quest for the Orb.
     0 | D:1      | Reached XP level 1. HP: 16/16 MP: 1/1
     0 | D:1      | 0 ||| qw: Version: 0.3-a-46-gb1f654a
     0 | D:1      | 0 ||| qw: Game counter: 3117
     0 | D:1      | 0 ||| qw: Melee chars always use a shield: true
     0 | D:1      | 0 ||| qw: God list: Okawaru
     0 | D:1      | 0 ||| qw: Allow faded altars: false
     0 | D:1      | 0 ||| qw: Do Orc after clearing Dungeon:15 true
     0 | D:1      | 0 ||| qw: Do second Lair branch before Depths: true
     0 | D:1      | 0 ||| qw: Lair rune preference: random
     0 | D:1      | 0 ||| qw: Goals: Normal
     0 | D:1      | 0 ||| PLANNING D:1-11
     6 | D:1      | Noticed an imperial myrmidon
     6 | D:1      | Noticed an iguana
     7 | D:1      | Noticed a centaur
   198 | D:1      | Reached skill level 3 in Ranged Weapons
   204 | D:1      | Reached XP level 2. HP: 22/23 MP: 2/2
   579 | D:1      | 579 ||| UPGRADING to +0 leather armour.
   589 | D:1      | 589 ||| DROPPING +0 robe.
   590 | D:1      | 590 ||| READING scroll labelled ZUPTEZO XICH.
   593 | D:1      | 593 ||| READING 2 scrolls labelled IPTAQ NEUZ.
   594 | D:1      | 594 ||| READING scroll labelled AFAKHI PAXEKH.
   595 | D:1      | 595 ||| READING scroll labelled DALLEH GEXABAT.
   641 | D:1      | 641 ||| READING scroll labelled QEAGUCW HAWY.
   642 | D:1      | 642 ||| DROPPING scroll of poison.
   643 | D:1      | 643 ||| DROPPING scroll of amnesia.
   714 | D:2      | Reached XP level 3. HP: 21/29 MP: 3/3
   839 | D:2      | Found a faded altar of an unknown god.
  1118 | D:2      | Reached skill level 4 in Ranged Weapons
  1463 | D:2      | 1463 ||| UPGRADING to +6 ring of strength.
  1464 | D:2      | 1464 ||| READING scroll labelled GEUCAV DEWNYTHRIOW.
  1465 | D:2      | 1465 ||| READING scroll labelled FOZECV UCKEIGG.
  1465 | D:2      | Identified a scroll of acquirement
  1465 | D:2      | 1465 ||| ACQUIRING +0 pair of gloves of infusion
  1465 | D:2      | Acquired a +0 pair of gloves of infusion
  1467 | D:2      | 1467 ||| UPGRADING to +0 pair of gloves of infusion.
  1743 | D:3      | 1743 ||| UPGRADING to +0 ring mail.
  1748 | D:3      | 1748 ||| UPGRADING to +0 leather armour.
  1749 | D:3      | HP: 7/29 [orc/+0 trident (2)]
  1753 | D:3      | 1753 ||| UPGRADING to +0 ring mail.
  1754 | D:3      | 1754 ||| UPGRADING to +0 ring mail.
  1754 | D:3      | Slain by an orc

Levels and vault maps discovered:
D:1:      onia_arrival_zoo_common, layout_basic
D:2:      layout_basic, shapermc_ecumenical_altar_starsandcircs
D:3:      layout_loops_cross, minmay_misc_feat_tiny, uniq_crazy_yiuf_cottage

Skill      XL: |  1  2  3 |
---------------+----------+-----
Ranged Weapons | 3 4 |  4.4
Fighting       | 2 |  2.0
Dodging        | |  2.1
Spellcasting   | |  1.0
Hexes          | |  2.0

Action                     || total
---------------------------++-------
   Fire: Sling             ||   131
    Use: Scroll            ||     7
 Armour: Leather armour    ||     8
         Robe              ||     1
  Dodge: Dodged            ||    36

Table legend:
 A = Non-vault XP
 B = Vault XP
 C = Vault XP percentage of total XP
 D = Non-vault monster count
 E = Vault monster count
 F = Vault count percentage of total count
                 A         B        C        D         E       F
            +---------+---------+-------+---------+---------+-------
      Total |      95 |       0 |   0.0 |      40 |       0 |   0.0
            +---------+---------+-------+---------+---------+-------
        D:1 |      30 |       0 |   0.0 |      18 |       0 |   0.0
        D:2 |      39 |       0 |   0.0 |      13 |       0 |   0.0
        D:3 |      26 |       0 |   0.0 |       9 |       0 |   0.0
            +---------+---------+-------+---------+---------+-------
